 Dungeon Crawl Stone Soup version 0.30-a0-335-ge5acde7520 (webtiles) character file.

Game seed: 8624792816255737318

137 koil the Trooper (level 5, -4/55 HPs)
             Began as an Ogre Cinder Acolyte on Oct 31, 2022.
             Was a High Priest of Ignis.
             Slain by a gnoll bouda
             ... wielding a +0 whip of venom
              (10 damage)
             ... on level 3 of the Dungeon.
             The game lasted 00:04:24 (2708 turns).

koil the Trooper (Ogre Cinder Acolyte)              Turns: 2708, Time: 00:04:25

Health: -4/55      AC:  3    Str: 18    XL:     5   Next: 20%
Magic:  0/8        EV: 13    Int: 17    God:    Ignis [*****.]
Gold:   196        SH:  0    Dex:  4    Spells: 7/9 levels left

rFire   + . .      SeeInvis .    a - -1 hand axe (flame)
rCold   . . .      Faith    .    (no shield)
rNeg    . . .      Spirit   +    b - +0 robe
rPois   .          Reflect  .    (helmet restricted)
rElec   .          Harm     .    (no cloak)
rCorr   +          Rampage  .    (gloves unavailable)
Will    .....                    (boots unavailable)
Stlth   +.........               p - amulet of guardian spirit
HPRegen 0.29/turn                m - +4 ring of evasion
MPRegen 0.11/turn                q - ring of resist corrosion

@: weakened
A: large, unfitting armour, tough skin 1
a: Renounce Religion, Fiery Armour, Foxfire Swarm, Rising Flame


You were on level 3 of the Dungeon.
You worshipped Ignis.
Ignis was extremely pleased with you.
You visited 1 branch of the dungeon, and saw 4 of its levels.

You collected 196 gold pieces.

Inventory:

Hand Weapons
 a - a -1 hand axe of flaming (weapon)
Missiles
 j - 6 poisoned darts
Armour
 b - a +0 robe (worn)
Jewellery
 m - a +4 ring of evasion (left hand)
 p - an amulet of guardian spirit (around neck)
 q - a ring of resist corrosion (right hand)
Scrolls
 c - a scroll of magic mapping {unknown}
 e - a scroll of noise {unknown}
 f - a scroll of amnesia {unknown}
 k - a scroll of poison {unknown}
 l - 2 scrolls of fear {unknown}
 n - a scroll of silence {unknown}
 o - a scroll of vulnerability {unknown}
Potions
 d - a potion of attraction {unknown}
 g - a potion of mutation {unknown}
 h - a potion of curing
 i - a potion of heal wounds {unknown}
 r - a potion of brilliance {unknown}
 s - a potion of degeneration {unknown}


   Skills:
 + Level 4.7 Fighting
 + Level 3.5 Axes
 + Level 1.3 Dodging
 + Level 2.5 Spellcasting
 * Level 3.7 Fire Magic


You had 7 spell levels left.
You knew the following spells:

 Your Spells              Type           Power      Damage    Failure   Level
a - Scorch                Fire           28%        2d6       6%          2

Your spell library contained the following spells:

 Spells                   Type           Power      Damage    Failure   Level
 Gell's Gravitas          Tloc           2%         N/A       50%         3
 Lesser Beckoning         Tloc           4%         N/A       50%         3
 Teleport Other           Tloc           2%         N/A       50%         3


Dungeon Overview and Level Annotations

Branches:
Dungeon (4/15)
 Temple: D:4-7

Altars:
Ashenzari
Uskayaw

Shops:
D:2 (


Innate Abilities, Weirdness & Mutations

You are too large for most types of armour.
You have tough skin. (AC +1)


Message History

The gnoll bouda is no longer more vulnerable to fire.
The gnoll bouda barks out a call to the hunt!
The gnoll picks up the pace!
There is a stone staircase leading up here.
The gnoll bouda completely misses you.
You climb upwards.
There is a stone staircase leading down here.
You hit the gnoll bouda. You burn the gnoll bouda.
The gnoll bouda is severely wounded.
Your attacks no longer feel as feeble.
The gnoll bouda barely misses you.
You barely miss the gnoll bouda.
The gnoll bouda is severely wounded.
The gnoll bouda gazes fiercely through you!
You feel your attacks grow feeble.
The gnoll bouda hits you with a +0 whip of venom!
You are poisoned.
You hit the gnoll bouda but do no damage.
The gnoll bouda is heavily wounded.
You feel very sick.
The gnoll bouda hits you with a +0 whip of venom!
You are too injured to fight recklessly!
You are too injured to fight recklessly!
The gnoll bouda attacks as you move away!
The gnoll bouda closely misses you.
You feel sick.
The gnoll bouda attacks as you move away!
The gnoll bouda hits you with a +0 whip of venom!
* * * LOW HITPOINT WARNING * * *
x2 You feel sick.
It was a potion of curing.
You feel better.
The gnoll bouda hits you with a +0 whip of venom!
* * * LOW HITPOINT WARNING * * *
You are too injured to fight recklessly!
Casting: Scorch (safe; 6% risk of failure)
Confirm with . or Enter, or press ? or * to list all spells.
Flames lash the gnoll bouda.
The gnoll bouda is severely wounded.
The gnoll bouda's fire resistance burns away.
The gnoll bouda hits you with a +0 whip of venom!
You die...

#.#.#.....###.#.#.#####..# #.#
#.#.#.###.....#.#.# #..# #.#
#.#.#.# #.###.#.#.# #..# #.#
#.#.#.# #.###...#.# #..# #.#
#.#.#.# #..##...#.#####..# #.#
#.#.#.# ##......#.#......# #.#
#.#.#.# ####..>#.#.####.####.##
#.#.#.# ###g#.#.............
#.#.#.#########@#.######.#######
#.#.#..........<#........#
##.#.####...####.################
...#.# #...# #.................
####.# #...# ################.#
...#.# #...# #.#
##.#.####...########## #.#
##.#........'........# #.#
##.######...########.# #.#


You could see a gnoll bouda (combustible).

Vanquished Creatures
  An orc priest (D:3)
  2 adders
  2 gnolls (D:4)
  A shadow imp (D:3)
  A worm (D:2)
  A dart slug (D:3)
  3 orcs (D:3)
  6 ball pythons
  3 bats
  5 endoplasms
  2 giant cockroaches
  6 goblins
  2 hobgoblins
  2 jackals (D:1)
  5 kobolds
  2 quokkas
  4 frilled lizards
  4 rats
52 creatures vanquished.

Notes
Turn   | Place    | Note
-------+----------+-------------------------------------------
     0 | D:1      | koil the Ogre Cinder Acolyte began the quest for the Orb.
     0 | D:1      | Reached XP level 1. HP: 24/24 MP: 2/2
   188 | D:1      | Found a faded altar of an unknown god.
   200 | D:1      | Reached XP level 2. HP: 32/32 MP: 4/4
   232 | D:1      | Learned a level 2 spell: Scorch
   690 | D:1      | Reached XP level 3. HP: 37/39 MP: 5/5
  1428 | D:2      | Found Riwubuoj's Antique Weapon Shoppe.
  1677 | D:3      | Reached skill level 1 in Dodging
  1677 | D:3      | Reached XP level 4. HP: 47/49 MP: 2/7
  2133 | D:3      | Found a hide-covered altar of Uskayaw.
  2415 | D:3      | Reached XP level 5. HP: 55/55 MP: 8/8
  2472 | D:3      | Found a broken altar of Ashenzari.
  2708 | D:3      | Slain by a gnoll bouda

Illustrated notes

Levels and vault maps discovered:
D:1:      psy_arrival_dodecagon, layout_basic,
          nicolae_ecumenical_snake_handling, serial_park_tiny_pond
D:2:      layout_basic, serial_shops, shop, minmay_heptomino_o4
D:3:      layout_basic, mainiacjoe_overflow_small_starburst,
          eat_drink_and_be_merry_uskayaw, grunt_decor_cap, fountainhead
D:4:      layout_loops_corners, lemuel_round_altar, temple_green,
          ebering_ghost_reflecting_pool, gup_sewer_entry_spiral

Skill      XL: |  1  2  3 |
---------------+----------+-----
Fire Magic     | 3 |  3.7
Spellcasting   | 2 |  2.5
Dodging        | 1 |  1.3
Fighting       | |  4.7
Axes           | |  3.5

Action                   |  1- 3 |  4- 6 || total
-------------------------+-------+-------++-------
Melee: Hand axe          |    69 |    66 ||   135
       Punch             |       |     1 ||     1
Throw: Dart              |     1 |       ||     1
 Cast: Scorch            |     4 |     5 ||     9
  Use: Potion            |       |     1 ||     1
Armor: Robe              |    17 |    18 ||    35
Dodge: Dodged            |    27 |    56 ||    83

Table legend: (Time is in decaauts)
 A = Elapsed time spent in this place.
 B = Non-inter-level travel time spent in this place.
 C = Inter-level travel time spent in this place.
 D = Time resting spent in this place.
 E = Time spent auto-exploring this place.
 F = Levels seen in this place.
 G = Mean time per level.
                   A        B        C        D        E       F      G
               +--------+--------+--------+--------+--------+-----+--------+
         Total |   2726 |   2637 |     89 |      0 |   2267 |   4 |  681.5 |
       Dungeon |   2726 |   2637 |     89 |      0 |   2267 |   4 |  681.5 |
               +--------+--------+--------+--------+--------+-----+--------+

Top non-repeatable levels by time:
     D:3: 930 daAuts
     D:1: 849 daAuts
     D:2: 830 daAuts
     D:4: 116 daAuts
